 Dungeon Sprint DCSS version 0.28-a0-1412-gf95308ed99 (webtiles) character file.

Game seed: 7102116738340283585

100039 mhtbhm the Axe Maniac (level 15, -21/156 HPs)
             Began as a Minotaur Berserker on Jan 7, 2022.
             Was an Elder of Trog.
             Killed from afar by a Hell Sentinel (39 damage)
             ... with damnation
             ... in the Dungeon (Sprint VII: "The Pits").
             The game lasted 00:18:49 (5108 turns).

mhtbhm the Axe Maniac (Minotaur Berserker)          Turns: 5108, Time: 00:18:49

Health: -21/156    AC: 48    Str: 28    XL:     15   Next: 79%
Magic:  14/14      EV: 12    Int:  4    God:    Trog [****..]
Gold:   25         SH:  0    Dex: 11    Spells: 14/14 levels left

rFire   + + +      SeeInvis .   r - +9 executioner's axe (vorpal)
rCold   + + .      Faith    .   (shield currently unavailable)
rNeg    . . .      Spirit   .   b - +4 gold dragon scales
rPois   +          Reflect  .   (helmet restricted)
rElec   +          Harm     .   q - +1 cloak
rCorr   +          Rampage  .   p - +1 pair of gloves
Will    +....      NoTele   +   D - +1 pair of boots
Stlth   ..........              u - amulet of regeneration
HPRegen 1.16/turn               v - ring of protection from fire
MPRegen 0.14/turn               C - ring of the Tortoise {AC+8}

@: resistant, on berserk cooldown
A: horns 2, retaliatory headbutt, frail 1, subdued magic 1
a: Renounce Religion, Berserk, Trog's Hand, Brothers in Arms


You were in the Dungeon.
You worshipped Trog.
Trog was greatly pleased with you.
You visited 1 branch You collected 25 gold pieces.

Inventory:

Hand Weapons
 a - the +9 battleaxe of Annihilation {vorpal, Str+3}
   (Trog gifted it to you in the Dungeon)

   It inflicts extra damage upon your enemies.
   Str:       It affects your strength (+3).
 h - a +4 executioner's axe of flaming
 r - a +9 vorpal executioner's axe (weapon)
 B - the +8 war axe "Siathu" {vorpal, rElec}
   (Trog gifted it to you in the Dungeon)

   It inflicts extra damage upon your enemies.
   rElec:     It insulates you from electricity.
 F - a +3 vampiric battleaxe
Missiles
 k - 2 curare-tipped darts (quivered)
 l - 19 poisoned darts
Armour
 b - +4 gold dragon scales (worn)
 p - a +1 pair of gloves (worn)
 q - a +1 cloak (worn)
 D - a +1 pair of boots (worn)
 E - a +1 tower shield
Jewellery
 m - a +3 ring of protection
 u - an amulet of regeneration (around neck)
 v - a ring of protection from fire (left hand)
 A - a ring of resist corrosion
 C - the ring of the Tortoise (right hand) {AC+8}
   (You took it off a kobold demonologist in the Dungeon)

   [ring of protection]

   AC:        It affects your AC (+8).
Scrolls
 j - a scroll of summoning
 s - 4 scrolls of identify
 t - a scroll of fear
 w - 3 scrolls of enchant weapon
Potions
 c - 6 potions of curing
 d - a potion of lignification {unknown}
 f - 4 potions of magic
 g - 4 potions of berserk rage
 i - a potion of invisibility
 n - a potion of might


   Skills:
 O Level 27 Fighting
 O Level 27 Axes
 * Level 10.9 Throwing
 O Level 27 Armour
 + Level 14.8 Dodging
 + Level 17.9 Stealth
 * Level 12.8 Shields


You had 14 spell levels left.
You didn't know any spells.
Your spell library was empty.

Dungeon Overview and Level Annotations

Branches:
Dungeon (1/1)

Altars:
Gozag
Hepliaklqana
Sif Muna
Trog
Jiyva


Innate Abilities, Weirdness & Mutations

You have a pair of horns on your head.
You reflexively headbutt those who attack you in melee.
You are frail. (-10% HP)
Your spells are a little easier to cast, but a little less powerful.


Message History

An open door, spattered with blood.
Unknown command.
You closely miss the electric golem. You headbutt the electric golem.
The electric golem is heavily damaged.
The electric golem barely misses you.
The electric golem hits you but does no damage. x2
The electric golem barely misses you.
You slash the electric golem! You headbutt the electric golem.
The electric golem is severely damaged.
The electric golem hits you but does no damage. x3
The electric golem barely misses you.
The electric golem hits you but does no damage. x4
You cut the electric golem into ribbons!!!
You destroy the electric golem!
Trog accepts your kill.
There is an open door, spattered with blood here.
You see here a +4 broad axe of flaming.
There is an open door, spattered with blood here.
You start resting.
A Hell Sentinel comes into view.
A Hell Sentinel is nearby!
A Hell Sentinel is nearby!
The Hell Sentinel roars!
The Hell Sentinel gestures at you.
The sphere of damnation explodes!
The damnation engulfs you!!!
* * * LOW HITPOINT WARNING * * *
You see here a +4 broad axe of flaming.
Which direction?
Which direction?
You close the door.
Okay, then.
You feel better.
Okay, then.
Your two-headed ogre goes berserk!
Trog will no longer gift you weapons.
A Hell Sentinel breaks down the door.
You feel yourself speed up. The Hell Sentinel gestures at you.
The sphere of damnation explodes!
The damnation engulfs you!!!
You die...

#'# #.# #'# #.#
## #)# #.### ###
#+# #.#
#'.###.###.###)#
#...1)..'...##.##
##.##@.##')##...#
###O###.##''...#
## ## ####)## #'#
#.# #'# #)# #'#
#[#


You could see a Hell Sentinel and a friendly two-headed ogre (summoned,
berserk).

Vanquished Creatures
  Asmodeus (D)
  the Serpent of Hell (D)
  An ancient lich (D)
  Mara (D)
  A royal mummy (D)
  A Killer Klown (D)
  Frederick (D)
  4 pandemonium lords (D)
  Jory (D)
  Nikola (D)
  A bone dragon (D)
  3 electric golems (D)
  An Ice Fiend (D)
  A lich (D)
  A Hell Sentinel (D)
  A sphinx (D)
  2 storm dragons (D)
  A ghost moth (D)
  An orc warlord (D)
  A ghoul (D)
  A vampire knight (D)
  An ophan (D)
  A white draconian (D)
  A dire elephant (D)
  2 green deaths (D)
  A naga warrior (D)
  2 merfolk avatars (D)
  2 hydras (D)
  A death knight (D)
  An anaconda (D)
  An alligator snapping turtle (D)
  A deep troll shaman (D)
  A death yak (D)
  Urug (D)
  A deep troll earth mage (D)
  4 deep elf knights (D)
  3 shadow wraiths (D)
  A sixfirhy (D)
  3 deep trolls (D)
  2 spriggan druids (D)
  A phantasmal warrior (D)
  A cyclops (D)
  A deep elf pyromancer (D)
  2 deep elf zephyrmancers (D)
  A manticore (D)
  5 orc knights (D)
  A rust devil (D)
  A smoke demon (D)
  A black mamba (D)
  A cane toad (D)
  An eye of devastation (D)
  A freezing wraith (D)
  2 yaktaurs (D)
  5 kobold demonologists (D)
  A red devil (D)
  4 hornets (D)
  A troll (D)
  A tyrant leech (D)
  A wind drake (D)
  3 blink frogs (D)
  A snapping turtle (D)
  An air elemental (D)
  A shadow (D)
  5 yaks (D)
  2 spriggans (D)
  A wraith (D)
  A fire bat (D)
  2 neqoxecs (D)
  Menkaure (D)
  A steam dragon (D)
  2 vampire mosquitoes (D)
  A redback (D)
  An acid dragon (D)
  2 orc warriors (D)
  2 floating eyes (D)
  2 sky beasts (D)
  A black bear (D)
  2 necrophages (D)
  9 wolves (D)
  2 centaurs (D)
  2 kobold brigands (D)
  2 orc priests (D)
  A gnoll shaman (D)
  2 hounds (D)
  An iguana (D)
  2 orc wizards (D)
  Terence (D)
  A mummy (D)
  An adder (D)
  3 gnolls (D)
  3 river rats (D)
  A white imp (D)
  An ufetubus (D)
  An adder zombie (D)
  An adder skeleton (D)
  2 adder simulacra (D)
  7 orcs (D)
  A bat (D)
  An endoplasm (D)
  A goblin (D)
  2 hobgoblins (D)
  4 jackals (D)
  A quokka (D)
  A ball python skeleton (D)
  A frilled lizard (D)
  A giant cockroach zombie (D)
  4 kobolds (D)
  A quokka simulacrum (D)
  2 rats (D)
184 creatures vanquished.

Vanquished Creatures (collateral kills)
  Dispater (D)
  A profane servitor (D)
  An emperor scorpion (D)
  An orc warlord (D)
  A vault guard (D)
  A hydra (D)
  A catoblepas (D)
  A deep troll earth mage (D)
  A deep elf knight (D)
  A swamp dragon (D)
  4 orc knights (D)
  A wolf spider (D)
  An orange demon (D)
  A rime drake (D)
  A komodo dragon (D)
  A red devil (D)
  A small abomination (D)
  A quokka skeleton (D)
21 creatures vanquished.

Vanquished Creatures (others)
  A deep elf blademaster (D)
  A yaktaur captain (D)
  A vault guard (D)
  A deep elf knight (D)
  A necromancer (D)
  2 yaktaurs (D)
7 creatures vanquished.

Grand Total: 212 creatures vanquished

Notes
Turn   | Place    | Note
-------+----------+-------------------------------------------
     0 | D        | mhtbhm the Minotaur Berserker began the quest for the Orb.
     0 | D        | Reached XP level 1. HP: 19/19 MP: 0/0
    13 | D        | Noticed a floating eye
    15 | D        | Killed a floating eye
    16 | D        | Reached XP level 2. HP: 34/34 MP: 1/1
    16 | D        | Reached XP level 3. HP: 39/39 MP: 2/2
    16 | D        | Reached XP level 4. HP: 47/47 MP: 3/3
    56 | D        | Reached ** piety under Trog
   159 | D        | Noticed Terence
   160 | D        | Reached *** piety under Trog
   164 | D        | Killed Terence
   165 | D        | Reached XP level 5. HP: 47/53 MP: 4/4
   169 | D        | Reached **** piety under Trog
   228 | D        | Found a bloodstained altar of Trog.
   228 | D        | Found a shimmering blue altar of Sif Muna.
   228 | D        | Found a viscous altar of Jiyva.
   228 | D        | Found a hazy altar of Hepliaklqana.
   228 | D        | Found an opulent altar of Gozag.
   260 | D        | Reached ***** piety under Trog
   264 | D        | Reached skill level 10 in Axes
   264 | D        | Reached skill level 5 in Armour
   264 | D        | Reached skill level 5 in Dodging
   270 | D        | Noticed a fire bat
   276 | D        | Killed a fire bat
   277 | D        | Reached skill level 10 in Fighting
   277 | D        | Reached XP level 6. HP: 44/67 MP: 5/5
   404 | D        | Noticed an orc warrior
   408 | D        | Killed an orc warrior
   408 | D        | Identified the +9 battleaxe of Annihilation {vorpal, Str+3}
                  | (Trog gifted it to you in the Dungeon)
   408 | D        | Received a gift from Trog
   415 | D        | Reached XP level 7. HP: 61/73 MP: 6/6
   500 | D        | Noticed a phantasmal warrior
   504 | D        | Killed a phantasmal warrior
   505 | D        | Reached XP level 8. HP: 56/83 MP: 7/7
   835 | D        | Noticed a snapping turtle
   840 | D        | Received a gift from Trog
   841 | D        | Killed a snapping turtle
   842 | D        | Reached skill level 15 in Axes
   943 | D        | Noticed a spriggan druid
   950 | D        | Killed a spriggan druid
  1003 | D        | Noticed a red devil
  1014 | D        | Killed a red devil
  1015 | D        | Reached skill level 1 in Stealth
  1015 | D        | Reached XP level 9. HP: 81/94 MP: 8/8
  1067 | D        | Noticed an anaconda
  1071 | D        | Killed an anaconda
  1083 | D        | Noticed an eye of devastation
  1089 | D        | Received a gift from Trog
  1092 | D        | Killed an eye of devastation
  1187 | D        | Noticed an orc knight
  1187 | D        | Noticed a cane toad
  1189 | D        | Killed a shadow wraith
  1189 | D        | Received a gift from Trog
  1189 | D        | Reached ****** piety under Trog
  1190 | D        | Reached skill level 15 in Fighting
  1195 | D        | Killed a cane toad
  1196 | D        | Reached skill level 10 in Armour
  1196 | D        | Killed an orc knight
  1197 | D        | Reached XP level 10. HP: 72/106 MP: 9/9
  1291 | D        | Noticed a rust devil
  1291 | D        | Noticed a rust devil
  1292 | D        | Killed a shadow wraith
  1292 | D        | Received a gift from Trog
  1305 | D        | Received a gift from Trog
  1328 | D        | Killed a shadow wraith
  1423 | D        | Noticed a death yak
  1432 | D        | Killed a death yak
  1587 | D        | Received a gift from Trog
  1588 | D        | Reached XP level 11. HP: 101/117 MP: 10/10
  1688 | D        | Noticed a spriggan rider
  1694 | D        | Received a gift from Trog
  1702 | D        | Noticed a merfolk avatar
  1704 | D        | Received a gift from Trog
  1716 | D        | Killed a merfolk avatar
  1716 | D        | Received a gift from Trog
  1969 | D        | Received a gift from Trog
  2197 | D        | Noticed Menkaure
  2197 | D        | Noticed an alligator snapping turtle
  2197 | D        | Noticed Urug
  2208 | D        | Noticed a white draconian
  2211 | D        | Killed Menkaure
  2212 | D        | Killed an alligator snapping turtle
  2213 | D        | Reached skill level 15 in Armour
  2215 | D        | Killed Urug
  2215 | D        | Received a gift from Trog
  2221 | D        | Killed a white draconian
  2222 | D        | Reached XP level 12. HP: 78/132 MP: 11/11
  2225 | D        | Received a gift from Trog
  2746 | D        | Noticed a Killer Klown
  2746 | D        | Noticed a storm dragon
  2746 | D        | Noticed a sphinx
  2751 | D        | Killed a Killer Klown
  2755 | D        | Noticed a six-headed hydra
  2757 | D        | Killed a storm dragon
  2761 | D        | Noticed an emperor scorpion
  2763 | D        | Received a gift from Trog
  2763 | D        | Killed a sphinx
  2763 | D        | Gained mutation: Your spells are a little easier to cast,
                  | but a little less powerful. [a neqoxec]
  2764 | D        | Received a gift from Trog
  2767 | D        | Reached skill level 10 in Dodging
  2767 | D        | Killed an emperor scorpion
  2768 | D        | HP: 6/137 [six-headed hydra[a spriggan druid] (3)]
  2768 | D        | Killed a six-headed hydra
  3074 | D        | Noticed a lich
  3081 | D        | Killed a lich
  3121 | D        | Noticed an electric golem
  3124 | D        | Killed an electric golem
  3124 | D        | Identified the +8 war axe "Siathu" {vorpal, rElec} (Trog
                  | gifted it to you in the Dungeon)
  3124 | D        | Received a gift from Trog
  3125 | D        | Reached XP level 13. HP: 137/147 MP: 12/12
  3130 | D        | Noticed a Hell Sentinel
  3140 | D        | Killed a Hell Sentinel
  3202 | D        | Noticed Frederick
  3212 | D        | Killed Frederick
  3262 | D        | Noticed an Ice Fiend
  3265 | D        | Killed an Ice Fiend
  3304 | D        | Noticed an ancient lich
  3310 | D        | Killed an ancient lich
  3310 | D        | Received a gift from Trog
  3501 | D        | Noticed a bone dragon
  3506 | D        | Noticed a storm dragon
  3513 | D        | Killed a bone dragon
  3515 | D        | Received a gift from Trog
  3519 | D        | Killed a storm dragon
  3525 | D        | Received a gift from Trog
  3526 | D        | Reached skill level 27 in Axes
  3534 | D        | Received a gift from Trog
  3558 | D        | Noticed a vampire knight
  3564 | D        | Killed a vampire knight
  3566 | D        | Received a gift from Trog
  3594 | D        | HP: 9/235 [deep troll (20)]
  3596 | D        | Reached XP level 14. HP: 10/166 MP: 13/13
  3835 | D        | Noticed an orc warlord
  3835 | D        | Noticed an orc warlord
  3836 | D        | Gained mutation: You are frail. (-10% HP) [a neqoxec]
  3843 | D        | Received a gift from Trog
  3844 | D        | Reached skill level 27 in Fighting
  3844 | D        | Noticed a deep elf blademaster
  3847 | D        | Killed an orc warlord
  3848 | D        | Reached skill level 5 in Stealth
  3855 | D        | Paralysed by a floating eye for 4 turns
  3858 | D        | Killed an orc warlord
  3858 | D        | Received a gift from Trog
  3860 | D        | Killed a deep elf blademaster
  3871 | D        | Received a gift from Trog
  4117 | D        | Found the +8 autumn katana {vorpal, manifold assault}
  4128 | D        | Killed a ghost moth
  4295 | D        | Noticed an ophan
  4295 | D        | Found the +4 staff of Dispater
  4295 | D        | Noticed Dispater
  4295 | D        | Noticed a profane servitor
  4295 | D        | Noticed Yroff the pandemonium lord
  4295 | D        | Noticed a ghoul
  4296 | D        | Noticed a Hell Sentinel
  4306 | D        | Killed Yroff the pandemonium lord
  4307 | D        | Reached skill level 10 in Stealth
  4312 | D        | Killed an ophan
  4315 | D        | Killed a ghoul
  4320 | D        | Noticed a Hell Sentinel
  4323 | D        | Killed a profane servitor
  4326 | D        | Noticed a Hell Sentinel
  4328 | D        | Noticed a Hell Sentinel
  4336 | D        | Noticed a Hell Sentinel
  4342 | D        | Noticed a Hell Sentinel
  4410 | D        | Killed Dispater
  4649 | D        | Found the +7 sceptre of Asmodeus
  4649 | D        | Noticed Asmodeus
  4655 | D        | Noticed a Brimstone Fiend
  4655 | D        | Noticed a balrug
  4659 | D        | Noticed a balrug
  4659 | D        | Noticed a balrug
  4659 | D        | Noticed a balrug
  4665 | D        | Noticed a balrug
  4665 | D        | Noticed a balrug
  4665 | D        | Noticed a balrug
  4668 | D        | Killed Asmodeus
  4669 | D        | Reached XP level 15. HP: 31/156 MP: 14/14
  4780 | D        | Noticed Mara
  4782 | D        | Noticed mhtbhm's illusion
  4783 | D        | Killed Mara
  4786 | D        | Noticed Jicav the pandemonium lord
  4791 | D        | Killed Jicav the pandemonium lord
  4792 | D        | Reached skill level 27 in Armour
  4792 | D        | Reached skill level 15 in Stealth
  4844 | D        | Noticed the Serpent of Hell
  4850 | D        | Noticed a shadow dragon
  4856 | D        | Killed the Serpent of Hell
  4916 | D        | Noticed Lacua the pandemonium lord
  4944 | D        | Killed Lacua the pandemonium lord
  5004 | D        | Noticed Nikola
  5007 | D        | Killed Nikola
  5034 | D        | Noticed a royal mummy
  5039 | D        | Noticed an emperor scorpion
  5039 | D        | Noticed an emperor scorpion
  5039 | D        | Noticed an emperor scorpion
  5042 | D        | Killed a royal mummy
  5043 | D        | Reached skill level 10 in Shields
  5059 | D        | Noticed Gidym the pandemonium lord
  5062 | D        | Noticed an electric golem
  5064 | D        | Noticed Jory
  5065 | D        | Killed Gidym the pandemonium lord
  5069 | D        | Killed an electric golem
  5070 | D        | Reached skill level 10 in Throwing
  5071 | D        | Noticed an electric golem
  5077 | D        | Killed Jory
  5077 | D        | Received a gift from Trog
  5099 | D        | Killed an electric golem
  5103 | D        | Noticed a Hell Sentinel
  5104 | D        | HP: 5/156 [Hell Sentinel/damnation (40)]
  5108 | D        | Killed from afar by a Hell Sentinel

Illustrated notes

Levels and vault maps discovered:
D:        pitsprint [storerooms_1, entrance_room_1, metal_vault_3, armoury_1,
          mini_pit_1, grid_room_1, main_hall_1, silver_pit, the_coven_1,
          the_vestibule_1, steel_vault_4, golden_pit, hallway_of_sentries,
          crystal_vault_4, iron_vault_2, final_vault]

Skill      XL: |  1  2  3  4  5  6  7  8  9 10 11 12 13 14 15 |
---------------+----------------------------------------------+-----
Fighting       | 7 8 10 12 13 15 17 19 22 26 27 | 27.0
Axes           | 7 8 11 12 14 16 19 21 23 25 27 | 27.0
Armour         | 4 5 6 7 8 10 12 15 18 21 26 27 | 27.0
Dodging        | 3 4 5 6 7 8 9 10 12 14 | 14.8
Stealth        | 1 2 3 14 17 | 17.9
Throwing       | 10 | 10.9
Shields        | 12 | 12.8

Action                   |  1- 3 |  4- 6 |  7- 9 | 10-12 | 13-15 || total
-------------------------+-------+-------+-------+-------+-------++-------
Melee: Hand axe          |     1 |    50 |     3 |       |       ||    54
       Headbutt          |     1 |     5 |     7 |    16 |    61 ||    90
       Battleaxe         |       |       |    33 |   111 |     5 ||   149
       Executioner's axe |       |       |       |     9 |   218 ||   227
Throw: Dart              |       |       |       |       |     2 ||     2
Invok: Berserk           |       |       |     2 |     4 |    13 ||    19
       Brothers in Arms  |       |       |       |     3 |    14 ||    17
       Trog's Hand       |       |       |       |       |     1 ||     1
  Use: Potion            |       |       |       |     7 |    16 ||    23
       Scroll            |       |       |       |     7 |     3 ||    10
 Stab: Sleeping          |       |     1 |       |       |       ||     1
       Distracted        |       |       |       |       |     1 ||     1
       Invisible         |       |       |       |       |    10 ||    10
Armor: Animal skin       |       |     1 |       |       |       ||     1
       Ring mail         |       |     7 |     2 |       |       ||     9
       Chain mail        |       |       |    17 |    89 |       ||   106
       Storm dragon scal |       |       |       |     4 |    64 ||    68
       Gold dragon scale |       |       |       |       |   150 ||   150
Dodge: Dodged            |       |    33 |    20 |    83 |    94 ||   230

Table legend: (Time is in decaauts)
 A = Elapsed time spent in this place.
 B = Non-inter-level travel time spent in this place.
 C = Inter-level travel time spent in this place.
 D = Time resting spent in this place.
 E = Time spent auto-exploring this place.
 F = Levels seen in this place.
 G = Mean time per level.
                   A        B        C        D        E       F      G
               +--------+--------+--------+--------+--------+-----+--------+
         Total |   5148 |   5148 |      0 |   2906 |     14 |   1 | 5148.0 |
       Dungeon |   5148 |   5148 |      0 |   2906 |     14 |   1 | 5148.0 |
               +--------+--------+--------+--------+--------+-----+--------+

Top non-repeatable levels by time:
       D: 5148 daAuts
